[Event "Titled Tuesday Blitz August 1 Late 2023"]
[White "Sivakumar, Shaaketh"]
[Black "Ahn, Hongjin"]
[WhiteFideId "30940176"]
[BlackFideId "13201492"]
[WhiteElo "2491"]
[BlackElo "2326"]
[Result "1-0"]
[Round "5"]
[TimeControl "180+1"]
[Date "2023.08.01"]
[WhiteClock "0:00:49"]
[BlackClock "0:01:04"]
[Board "125"]

1. e3 e5 2. d4 exd4 3. exd4 d5 4. Nf3 Nf6 5. g3 Be7 6. Bg2 O-O 7. O-O Bf5 8. c4 dxc4 9. Ne5 c6 10. Nxc4 Na6 11. Nc3 Nb4 12. Ne3 Bg6 13. b3 Bd3 14. Re1 Qxd4 15. Bb2 Qd8 16. a3 Na6 17. Qf3 Nc5 18. Rad1 Qc7 19. b4 Bg6 20. bxc5 Bxc5 21. Rd2 Bxe3 22. Rxe3 Rfe8 23. Rxe8+ Rxe8 24. Re2 Rxe2 25. Qxe2 h6 26. Nd1 Qd6 27. Ne3 Nd5 28. Ng4 Bh5 29. Qe8+ Kh7 30. Be4+ Bg6 31. Nxh6 Bxe4 32. Qxe4+ Kxh6 33. Qh4+ Kg6 34. Qg4+ Kh6 35. Qxg7+ Kh5 36. Qxf7+ Qg6 37. g4+ Kh6 38. Bc1+ Qg5 39. Bxg5+ Kxg5 40. Qxb7 Kxg4 41. Qxc6 Nf4 42. Qa4 Kf3 43. Qxf4+ Kxf4 44. Kg2 a5 45. f3 a4 46. Kf2 Kg5 47. Ke3 Kf5 48. Kd4 Kf4 49. h4 Kf5 50. Kc4 Kg6 51. f4 Kh5 52. f5 Kxh4 53. f6 Kg5 54. f7 Kg6 55. f8=R Kg5 56. Rf1 Kg4 57. Rb1 Kf4 58. Rb4 Ke4 59. Rxa4 Ke3 60. Rb4 Ke4 61. a4 Ke5 62. a5 Kd6 63. a6 Kc7 64. a7 Kc8 65. a8=R+ Kc7 66. Ra5 Kd6 67. Rc5 Ke7 68. Rb6 Kd7 69. Kb5 Kd8 70. Rc4 Ke8 71. Ra4 Ke7 72. Ra7+ Ke8 73. Rh7 Kd8 74. Rg6 Kc8 75. Rgg7 Kd8 76. Kb4 Kc8 77. Kb3 Kd8 78. Kb2 Kc8 79. Kb1 Kd8 80. Kc1 Kc8 81. Kd1 Kd8 82. Ke1 Kc8 83. Kf1 Kd8 84. Kg1 Kc8 85. Kg2 Kd8 86. Kg3 Kc8 87. Kg4 Kd8 88. Kg5 Ke8 89. Kh6 Kd8 90. Rh8# 1-0


[Site "https://www.chess.com"]

[Event "Titled Tuesday Blitz August 1 Late 2023"]
[White "Toncheva, Nadya"]
[Black "Cooper, Aaron"]
[WhiteFideId "2924056"]
[BlackFideId "2634945"]
[WhiteElo "2464"]
[BlackElo "2319"]
[Result "1-0"]
[Round "5"]
[TimeControl "180+1"]
[Date "2023.08.01"]
[WhiteClock "0:00:45"]
[BlackClock "0:00:00"]
[Board "126"]

1. d4 Nf6 2. c4 e6 3. Nc3 d5 4. cxd5 exd5 5. Bg5 Nbd7 6. e3 Be7 7. Bd3 c6 8. Qc2 O-O 9. h3 Re8 10. Nf3 a5 11. O-O Nf8 12. Ne5 Nh5 13. Bxe7 Qxe7 14. Rfe1 Nf6 15. e4 Be6 16. exd5 Nxd5 17. a3 Nf4 18. Be4 Qg5 19. Kh1 Bf5 20. g3 Bxe4+ 21. Nxe4 Qh5 22. gxf4 Qxh3+ 23. Kg1 Ng6 24. Re3 Qh4 25. Nxg6 fxg6 26. Ng3 Rf8 27. f5 Rf7 28. fxg6 Rf6 29. gxh7+ Kh8 30. Rae1 Raf8 31. Re8 Rxf2 32. Qxf2 1-0


[Site "https://www.chess.com"]

[Event "Titled Tuesday Blitz August 1 Late 2023"]
[White "Hoffmann, Asa"]
[Black "Liu, Casper"]
[WhiteFideId "2001470"]
[BlackFideId "1454153"]
[WhiteElo "2314"]
[BlackElo "2462"]
[Result "0-1"]
[Round "5"]
[TimeControl "180+1"]
[Date "2023.08.01"]
[WhiteClock "0:00:00"]
[BlackClock "0:00:54"]
[Board "127"]

1. d4 Nf6 2. Bg5 g6 3. Nc3 Bg7 4. e4 O-O 5. f3 c5 6. dxc5 Qa5 7. Be3 Na6 8. a3 Nh5 9. Qd2 d6 10. cxd6 exd6 11. Bxa6 bxa6 12. Nge2 Rb8 13. Rb1 Be6 14. O-O Rfc8 15. Bd4 Bc4 16. Bxg7 Kxg7 17. Rfd1 Qc5+ 18. Qd4+ Qxd4+ 19. Nxd4 Nf4 20. Kf2 h5 21. g3 Ne6 22. Nxe6+ Bxe6 23. Ke2 h4 24. Kd2 hxg3 25. hxg3 Rh8 26. Re1 Bc4 27. b3 Rh2+ 28. Ne2 Be6 29. Rh1 Rf2 30. Rbf1 Rg2 31. f4 Bg4 32. Re1 Bf3 33. Rhg1 Bxe4 34. Rxg2 Bxg2 35. Nd4 d5 36. Re2 Be4 37. b4 Kf6 38. c3 Rh8 39. Nb3 Rh3 40. Nc5 Kf5 41. Nxe4 dxe4 42. c4 Rxg3 43. c5 Rxa3 44. c6 Ra2+ 45. Ke3 Rxe2+ 46. Kxe2 Ke6 47. Ke3 f5 48. Kd4 Kd6 0-1


[Site "https://www.chess.com"]

[Event "Titled Tuesday Blitz August 1 Late 2023"]
[White "Yedidia, Daniel"]
[Black "Lopez Gracia, Fernando"]
[WhiteFideId "30905907"]
[BlackFideId "2207184"]
[WhiteElo "2458"]
[BlackElo "2305"]
[Result "0-1"]
[Round "5"]
[TimeControl "180+1"]
[Date "2023.08.01"]
[WhiteClock "0:00:12"]
[BlackClock "0:00:08"]
[Board "128"]

1. d4 f6 2. e4 c5 3. Nf3 cxd4 4. Nxd4 e5 5. Nf3 Nc6 6. Bc4 Bc5 7. Bxg8 Rxg8 8. Qd5 Bb4+ 9. c3 Ne7 10. Qc4 Ba5 11. O-O Bb6 12. Rd1 Qc7 13. Qe2 d6 14. Na3 Be6 15. Nb5 Qc6 16. Nxd6+ Kf8 17. Nxe5 fxe5 18. Qf3+ Nf5 19. Nxf5 Bxf5 20. Qxf5+ Qf6 21. Qxf6+ gxf6 22. Bh6+ Ke8 23. Rd6 Rg6 24. Bd2 Ke7 25. Rd3 Rag8 26. g3 h5 27. Kf1 h4 28. Ke2 hxg3 29. Rxg3 Rg4 30. Kf3 Rxg3+ 31. hxg3 Ke6 32. Rd1 f5 33. Be1 Rf8 34. exf5+ Kxf5 35. Rd7 Ke6+ 0-1


[Site "https://www.chess.com"]

[Event "Titled Tuesday Blitz August 1 Late 2023"]
[White "Castro Silva, Moises Antonio"]
[Black "Cupid, Kevin"]
[WhiteFideId "3909794"]
[BlackFideId "7700512"]
[WhiteElo "2457"]
[BlackElo "2303"]
[Result "0-1"]
[Round "5"]
[TimeControl "180+1"]
[Date "2023.08.01"]
[WhiteClock "0:00:00"]
[BlackClock "0:00:09"]
[Board "129"]

1. e4 c6 2. d4 d5 3. Nc3 dxe4 4. Nxe4 Nf6 5. Nxf6+ exf6 6. Be3 Bd6 7. Bd3 O-O 8. Ne2 Re8 9. O-O Nd7 10. c4 Nf8 11. Qc2 Bg4 12. Rfe1 Qc7 13. h3 Be6 14. Rad1 Rad8 15. Nc3 Qc8 16. Ne4 Bb4 17. Re2 Ng6 18. a3 Ba5 19. b4 Bc7 20. Nc5 Bxh3 21. gxh3 Qxh3 22. f3 Nh4 23. Bxh7+ Kh8 24. Rf1 Qg3+ 25. Kh1 Nxf3 26. Bf5 g6 27. Rg2 Qh4+ 28. Rh2 Nxh2 29. Bf2 Qh6 0-1


[Site "https://www.chess.com"]

[Event "Titled Tuesday Blitz August 1 Late 2023"]
[White "Salazar Farias, Luis German"]
[Black "Stanisz, Patryk"]
[WhiteFideId "3902170"]
[BlackFideId "1123106"]
[WhiteElo "2454"]
[BlackElo "2302"]
[Result "1-0"]
[Round "5"]
[TimeControl "180+1"]
[Date "2023.08.01"]
[WhiteClock "0:00:10"]
[BlackClock "0:00:58"]
[Board "130"]

1. d4 d5 2. c4 c6 3. Nc3 Nf6 4. e3 e6 5. Nf3 Nbd7 6. Bd3 dxc4 7. Bxc4 b5 8. Bd3 b4 9. Ne4 c5 10. Nxf6+ gxf6 11. Be4 Rb8 12. O-O f5 13. Bc6 Bb7 14. Bxb7 Rxb7 15. d5 Nb6 16. dxe6 fxe6 17. Qxd8+ Kxd8 18. e4 Bg7 19. Be3 Bxb2 20. Rad1+ Kc8 21. Bxc5 Bc3 22. exf5 exf5 23. Bd4 Rd8 24. Rc1 Rc7 25. Bxb6 axb6 26. Rc2 Kb8 27. g3 f4 28. Kg2 fxg3 29. hxg3 Ra7 30. Rb1 Kc7 31. Rxb4 Rd3 32. Rc4+ Kd6 33. R4xc3 Rxc3 34. Rxc3 Rxa2 35. Rb3 Kc5 36. Re3 b5 37. Re5+ Kc4 38. Re4+ Kc5 39. Re5+ Kc4 40. Re7 b4 41. Rxh7 Ra5 42. Rc7+ Rc5 43. Rxc5+ Kxc5 44. Kf1 b3 45. Nd2 b2 46. Ke2 Kb4 47. g4 Kc5 48. g5 Kd6 49. f4 Ke7 50. Kd1 Kf8 51. Kc2 Kf7 52. Kxb2 Ke6 53. Nf1 Kf5 54. Ng3+ Kg6 55. Ne2 Kf7 56. Kc3 Ke6 57. Kd3 Kf5 58. Ke3 1-0


[Site "https://www.chess.com"]

[Event "Titled Tuesday Blitz August 1 Late 2023"]
[White "Garcia de Dios, Jose Antonio"]
[Black "Miguelitro69"]
[WhiteFideId "5128919"]
[WhiteElo "2448"]
[BlackElo "2296"]
[Result "1-0"]
[Round "5"]
[TimeControl "180+1"]
[Date "2023.08.01"]
[WhiteClock "0:01:42"]
[BlackClock "0:00:16"]
[Board "131"]

1. d4 d5 2. Bf4 Nf6 3. e3 g6 4. Nf3 Bg7 5. h3 O-O 6. Be2 c6 7. O-O Nbd7 8. c4 e6 9. Nc3 Re8 10. Qc2 Nh5 11. Bh2 Nhf6 12. Rfe1 dxc4 13. Bxc4 b5 14. Bd3 Bb7 15. Rac1 a6 16. Ne5 c5 17. dxc5 Nxc5 18. Bf1 Rc8 19. Qb1 Nd5 20. Nxd5 Qxd5 21. Red1 Bxe5 22. Rxd5 Bxh2+ 23. Kxh2 exd5 24. b3 Ne4 25. Kg1 Nc3 26. Qa1 b4 27. a3 a5 28. axb4 axb4 29. Qa7 Ne2+ 30. Bxe2 Rxc1+ 31. Kh2 Bc6 32. Qc7 d4 33. Bc4 Bd5 34. Qd7 Kf8 35. Bxd5 Re7 36. Qd8+ Re8 37. Qf6 Rc7 38. Qxd4 Rd8 39. Qxb4+ Kg7 40. Bc4 Rdd7 41. h4 h5 42. Qc3+ Kh7 43. Qf6 Rb7 44. f3 Ra7 45. e4 Ra2 46. e5 g5 47. Bxf7 g4 48. Qg6+ Kh8 49. Qg8# 1-0


[Site "https://www.chess.com"]

[Event "Titled Tuesday Blitz August 1 Late 2023"]
[White "Sathish, Pranav"]
[Black "Georg, Heinz"]
[WhiteFideId "30967538"]
[BlackFideId "4607295"]
[WhiteElo "2437"]
[BlackElo "2294"]
[Result "0-1"]
[Round "5"]
[TimeControl "180+1"]
[Date "2023.08.01"]
[WhiteClock "0:00:23"]
[BlackClock "0:00:19"]
[Board "132"]

1. Nf3 f5 2. b3 d6 3. d4 Nf6 4. Bb2 e6 5. g3 Be7 6. Bg2 O-O 7. O-O a5 8. c4 a4 9. b4 Ne4 10. a3 Qe8 11. Nfd2 d5 12. c5 c6 13. Nc3 Nxc3 14. Bxc3 Bf6 15. e3 e5 16. dxe5 Bxe5 17. Bxe5 Qxe5 18. Nf3 Qe7 19. Nd4 Nd7 20. Qc2 Nf6 21. Rae1 g6 22. f3 Be6 23. e4 fxe4 24. fxe4 Nxe4 25. Bxe4 Rxf1+ 26. Rxf1 dxe4 27. Qxe4 Re8 28. Re1 Kf7 29. Qf4+ Qf6 30. Qc7+ Re7 31. Qd6 Bf5 32. Rxe7+ Qxe7 33. Qxe7+ Kxe7 34. Kf2 Kf6 35. Ke3 Ke5 36. h4 Bg4 37. Nc2 Kd5 38. Kf4 Be2 39. Ne3+ Kd4 40. g4 Kc3 41. g5 Kb3 42. Ng4 Bxg4 43. Kxg4 Kxa3 44. Kf4 Kxb4 45. Ke5 a3 46. Kf6 a2 47. Kg7 a1=Q+ 48. Kxh7 Qb1 0-1


[Site "https://www.chess.com"]

[Event "Titled Tuesday Blitz August 1 Late 2023"]
[White "Rodriguez, Santiago"]
[Black "Harish, Neeraj"]
[WhiteFideId "3000591"]
[BlackFideId "30958130"]
[WhiteElo "2431"]
[BlackElo "2294"]
[Result "0-1"]
[Round "5"]
[TimeControl "180+1"]
[Date "2023.08.01"]
[WhiteClock "0:00:02"]
[BlackClock "0:00:40"]
[Board "133"]

1. e4 c6 2. d4 d5 3. exd5 cxd5 4. Bd3 Nc6 5. c3 Nf6 6. Bf4 Bg4 7. Qb3 Qd7 8. Nd2 e6 9. Ngf3 Bd6 10. Bxd6 Qxd6 11. O-O O-O 12. Rfe1 Rab8 13. Ne5 Bh5 14. a4 Bg6 15. Bxg6 hxg6 16. Qd1 a6 17. h4 b5 18. axb5 axb5 19. Ra6 Rfc8 20. Nb3 Ra8 21. Qa1 Rxa6 22. Qxa6 Qc7 23. Qxb5 Nxe5 24. dxe5 Nd7 25. f4 Rb8 26. Qa4 Qb6+ 27. Nd4 Nc5 28. Qa3 Nd3 29. Rf1 Qxb2 30. Qxb2 Rxb2 31. Rf3 Nc5 32. h5 gxh5 33. f5 Rd2 34. fxe6 Nxe6 35. Nf5 g6 36. Nd6 Ng5 37. Rg3 Ne4 38. Nxe4 dxe4 39. Re3 Rc2 40. Kh2 Kf8 41. Kh3 Ke7 42. Rxe4 Rxc3+ 43. Kh4 Ke6 44. g4 hxg4 45. Kxg4 Ra3 46. Kg5 Ra5 47. Rb4 Rxe5+ 48. Kg4 Kf6 49. Rf4+ Rf5 50. Ra4 Kg7 51. Ra7 Rb5 52. Rc7 Rb6 53. Ra7 Kf6 54. Ra5 Ke6 55. Kg5 Rd6 56. Ra7 Rd5+ 57. Kg4 f6 58. Rg7 Rd4+ 59. Kf3 Kf5 60. Ra7 Rd3+ 61. Ke2 Rd5 62. Kf3 g5 63. Ra4 g4+ 64. Kg3 Rd3+ 65. Kg2 Kg5 66. Kh2 f5 67. Ra8 Re3 68. Ra4 Re4 69. Ra8 Kf4 70. Kg2 Re2+ 71. Kh1 g3 72. Ra4+ Kf3 73. Ra3+ Re3 74. Ra2 Re1# 0-1


[Site "https://www.chess.com"]

[Event "Titled Tuesday Blitz August 1 Late 2023"]
[White "Ward, Ieuan C"]
[Black "Necromon"]
[WhiteFideId "406627"]
[WhiteElo "2289"]
[BlackElo "2404"]
[Result "1-0"]
[Round "5"]
[TimeControl "180+1"]
[Date "2023.08.01"]
[WhiteClock "0:01:19"]
[BlackClock "0:00:59"]
[Board "134"]

1. d4 d5 2. c4 c6 3. Nf3 Nf6 4. Nc3 e6 5. e3 Be7 6. Bd3 dxc4 7. Bxc4 O-O 8. Bd3 Nbd7 9. O-O c5 10. a3 b6 11. Qe2 Bb7 12. Rd1 cxd4 13. Nxd4 a6 14. e4 Ne5 15. Bc2 Qc7 16. Bf4 Nfd7 17. Rac1 Rac8 18. Bb1 Qb8 19. Nf3 Nxf3+ 20. Qxf3 Qa8 21. Rxd7 Bf6 22. Qg3 Bxc3 23. Rxc3 Bxe4 24. Bxe4 Qxe4 25. h4 Qb1+ 26. Kh2 Qxb2 27. Rxc8 Rxc8 28. Be5 1-0


[Site "https://www.chess.com"]

[Event "Titled Tuesday Blitz August 1 Late 2023"]
[White "Chemin, Justo Reinaldo"]
[Black "Silva Lucena, Cristian"]
[WhiteFideId "2101580"]
[BlackFideId "2232588"]
[WhiteElo "2276"]
[BlackElo "2397"]
[Result "0-1"]
[Round "5"]
[TimeControl "180+1"]
[Date "2023.08.01"]
[WhiteClock "0:00:00"]
[BlackClock "0:01:18"]
[Board "135"]

1. e4 c6 2. d4 d5 3. exd5 cxd5 4. Nf3 Nc6 5. c3 g6 6. Bd3 Bf5 7. Bf4 Bh6 8. Bxh6 Nxh6 9. O-O O-O 10. Re1 e6 11. Qd2 Bxd3 12. Qxh6 Qf6 13. Nbd2 Qg7 14. Qxg7+ Kxg7 15. Re3 Ba6 16. Rae1 b6 17. Ne5 Nxe5 18. Rxe5 Rac8 19. Nf3 Rc7 20. Ng5 Rc6 21. f4 Bc4 22. a3 Re8 23. Nf3 Rb8 24. g4 Bd3 25. h4 Rc7 26. R5e3 Bc2 27. Ng5 Rcb7 28. R1e2 Bb1 29. Re1 Bc2 30. Nf3 a5 31. R3e2 Be4 32. Ng5 Bd3 33. Re3 Bc2 34. R3e2 Bd3 35. Re3 Bc4 36. f5 h6 37. Nxe6+ fxe6 38. Rxe6 gxf5 39. gxf5 Rf7 40. R1e5 Rbf8 41. Rg6+ Kh7 42. Ree6 Rg7 43. Rxb6 Rxf5 44. Rxg7+ Kxg7 45. b3 Bd3 0-1


[Site "https://www.chess.com"]

[Event "Titled Tuesday Blitz August 1 Late 2023"]
[White "Jahnz, Fabian"]
[Black "Vaglio Munoz, Jaime"]
[WhiteFideId "4653300"]
[BlackFideId "6500145"]
[WhiteElo "2396"]
[BlackElo "2273"]
[Result "1/2-1/2"]
[Round "5"]
[TimeControl "180+1"]
[Date "2023.08.01"]
[WhiteClock "0:00:13"]
[BlackClock "0:00:40"]
[Board "136"]

1. e4 c5 2. Nf3 Qa5 3. Bc4 e6 4. O-O b5 5. Be2 Bb7 6. d3 Nf6 7. Bd2 Qc7 8. a4 b4 9. c3 a5 10. c4 Nc6 11. h3 h6 12. Re1 Rd8 13. Bf1 d6 14. Be3 Be7 15. Nbd2 O-O 16. Nb3 Ne5 17. Nxe5 dxe5 18. Qf3 Rd7 19. Qg3 Nh5 20. Qg4 Nf4 21. Bxf4 exf4 22. e5 f5 23. Qxf4 g5 24. Qh2 f4 25. Rad1 Rf5 26. Rd2 Rxe5 27. Rxe5 Qxe5 28. Nxa5 Ba8 29. Nb3 Qf5 30. d4 cxd4 31. Rxd4 Rxd4 32. Nxd4 Qe4 33. Nb5 Bc5 34. h4 Qe1 35. g3 Bf3 36. hxg5 hxg5 37. gxf4 g4 38. Qg3 Kf7 39. a5 Qa1 40. a6 Qxa6 41. Bg2 Qa1+ 42. Kh2 Qxb2 43. Bxf3 Qh8+ 44. Kg1 Qa1+ 45. Kg2 gxf3+ 46. Qxf3 Qg7+ 47. Kf1 Qa1+ 48. Kg2 Qg7+ 49. Kf1 Qa1+ 50. Kg2 1/2-1/2


[Site "https://www.chess.com"]

[Event "Titled Tuesday Blitz August 1 Late 2023"]
[White "Pein, Jonathan"]
[Black "Sala, Giulia"]
[WhiteFideId "417092"]
[BlackFideId "2840451"]
[WhiteElo "2396"]
[BlackElo "2272"]
[Result "1-0"]
[Round "5"]
[TimeControl "180+1"]
[Date "2023.08.01"]
[WhiteClock "0:01:57"]
[BlackClock "0:02:04"]
[Board "137"]

1. e4 g6 2. h4 Nf6 3. e5 Nh5 4. Be2 Ng7 5. h5 gxh5 6. d4 Nc6 7. Nc3 d5 8. Bg5 Bf5 9. Bb5 Qd7 10. Nf3 a6 11. Ba4 e6 12. Bf6 Rg8 13. Nh4 Be7 14. Bxe7 Qxe7 15. Nxf5 Nxf5 16. Qxh5 Rxg2 17. O-O-O O-O-O 18. Bxc6 bxc6 19. Qe2 Rdg8 20. Qxa6+ Kd7 21. Na4 Qg5+ 22. Kb1 Ne7 23. Nc5+ Kd8 24. Qa8+ Nc8 25. Qxc6 Nb6 26. Nb7+ Kc8 27. Nd6+ Kd8 28. Nxf7+ Kc8 29. Nxg5 1-0


[Site "https://www.chess.com"]

[Event "Titled Tuesday Blitz August 1 Late 2023"]
[White "Jorajuria Mendoza, Algol"]
[Black "Clawitter, Craig"]
[WhiteFideId "5128897"]
[BlackFideId "2023105"]
[WhiteElo "2395"]
[BlackElo "2268"]
[Result "1-0"]
[Round "5"]
[TimeControl "180+1"]
[Date "2023.08.01"]
[WhiteClock "0:00:09"]
[BlackClock "0:00:13"]
[Board "138"]

1. e4 e6 2. d4 d5 3. Nd2 Be7 4. Ngf3 Nf6 5. e5 Nfd7 6. Bd3 c5 7. c3 Nc6 8. O-O a5 9. Re1 cxd4 10. cxd4 Qb6 11. Nb1 Nxd4 12. Nxd4 Qxd4 13. Nc3 Qb6 14. Qg4 g6 15. Nb5 O-O 16. Bg5 Bxg5 17. Qxg5 Nc5 18. Bf1 Ne4 19. Rxe4 dxe4 20. Rd1 a4 21. h4 Ra5 22. h5 Rxb5 23. Qf6 gxh5 24. Qg5+ Kh8 25. Qf6+ Kg8 26. Bxb5 Qxb5 27. Re1 Qxb2 28. Re3 Qc1+ 29. Kh2 Qxe3 30. fxe3 Bd7 31. Qg5+ Kh8 32. Qe7 Kg7 33. Qxd7 a3 34. Qxb7 Rd8 35. Qxe4 Rd2 36. Qc4 h4 37. Kh3 Kg6 38. Qb3 Kf5 39. Qxa3 Kxe5 40. Qc3+ Ke4 41. Qxd2 f5 42. a4 e5 43. a5 f4 44. exf4 exf4 45. Qxf4+ Kxf4 46. a6 h5 47. a7 Ke3 48. a8=Q Kf2 49. Qf3+ Kg1 50. Qxh5 Kh1 51. g3 Kg1 52. gxh4 Kh1 53. Qf3+ Kg1 54. Qg2# 1-0


[Site "https://www.chess.com"]

[Event "Titled Tuesday Blitz August 1 Late 2023"]
[White "Pein, Malcolm"]
[Black "Uzcategui Rodriguez, Alejandro"]
[WhiteFideId "400289"]
[BlackFideId "3903400"]
[WhiteElo "2261"]
[BlackElo "2393"]
[Result "1-0"]
[Round "5"]
[TimeControl "180+1"]
[Date "2023.08.01"]
[WhiteClock "0:00:06"]
[BlackClock "0:00:05"]
[Board "139"]

1. e4 e6 2. d4 d5 3. Nc3 Nf6 4. Bg5 Be7 5. e5 Nfd7 6. Bxe7 Qxe7 7. f4 a6 8. Nf3 c5 9. Qd2 Nc6 10. dxc5 Nxc5 11. Bd3 b5 12. a3 Nxd3+ 13. cxd3 b4 14. axb4 Qxb4 15. O-O Bd7 16. Ne2 Qxd2 17. Nxd2 Nb4 18. d4 Bb5 19. Kf2 Nd3+ 20. Ke3 Nxb2 21. Rfb1 Nc4+ 22. Nxc4 Bxc4 23. Nc3 O-O 24. Na4 Rfb8 25. Nb6 Rxb6 26. Rxb6 g6 27. Ra5 Rc8 28. Rc5 Rf8 29. Rb7 Kg7 30. Ra7 Rb8 31. Rcc7 Kh6 32. Rxf7 Rb3+ 33. Kf2 Kh5 34. h3 h6 35. Rh7 Rb2+ 36. Kg1 Bd3 37. Rhe7 Be4 38. Rxe6 Rxg2+ 39. Kf1 Rh2 40. Raxa6 Bd3+ 41. Kg1 Rxh3 42. Ra3 Rg3+ 43. Kf2 Rh3 44. Rb6 Rh2+ 45. Kg3 Rd2 46. e6 Be4 47. e7 Rg2+ 48. Kh3 g5 49. fxg5 hxg5 50. Rh6+ Kxh6 51. e8=Q Rf2 52. Qh8+ Kg6 53. Ra6+ Kf5 54. Qf6# 1-0


[Site "https://www.chess.com"]

[Event "Titled Tuesday Blitz August 1 Late 2023"]
[White "Cardozo Munar, Carlos Eduardo"]
[Black "Eggleston, Thomas A"]
[WhiteFideId "4409477"]
[BlackFideId "412139"]
[WhiteElo "2260"]
[BlackElo "2378"]
[Result "0-1"]
[Round "5"]
[TimeControl "180+1"]
[Date "2023.08.01"]
[WhiteClock "0:00:01"]
[BlackClock "0:00:17"]
[Board "140"]

1. d4 e6 2. Nf3 f5 3. h3 Nf6 4. g4 c5 5. Nc3 cxd4 6. Qxd4 Nc6 7. Qd3 Nb4 8. Qd1 g6 9. a3 Nbd5 10. Nxd5 Nxd5 11. gxf5 gxf5 12. Bg5 Be7 13. Qd2 Nf6 14. Qc3 Kf7 15. Ne5+ Ke8 16. Bg2 Rg8 17. h4 h6 18. Bxf6 Bxf6 19. Bf3 d6 20. Bh5+ Ke7 21. Qe3 Bxe5 22. Qxh6 Qf8 23. Qd2 f4 24. O-O-O Qf6 25. Kb1 Bd7 26. Bf3 d5 27. c4 Bc6 28. cxd5 exd5 29. Bxd5 Bxd5 30. Qxd5 Qf5+ 31. Ka2 Qe6 32. h5 Rad8 33. Qxe6+ Kxe6 34. Rxd8 Rxd8 35. e3 fxe3 36. fxe3 Rd2 37. Kb3 Rxb2+ 38. Ka4 a6 39. h6 Bc3 40. Rh5 b5+ 41. Rxb5 axb5# 0-1


[Site "https://www.chess.com"]

[Event "Titled Tuesday Blitz August 1 Late 2023"]
[White "KorolDimitriy75"]
[Black "Ruge, Edison"]
[BlackFideId "4401000"]
[WhiteElo "2374"]
[BlackElo "2255"]
[Result "0-1"]
[Round "5"]
[TimeControl "180+1"]
[Date "2023.08.01"]
[WhiteClock "0:00:03"]
[BlackClock "0:00:58"]
[Board "141"]

1. d4 d5 2. c4 e5 3. Nc3 exd4 4. Qxd4 dxc4 5. Qxd8+ Kxd8 6. e4 Be6 7. Nf3 c6 8. Nd4 b5 9. a4 b4 10. Nxe6+ fxe6 11. Nd1 Nf6 12. f3 c3 13. bxc3 Nbd7 14. cxb4 Bxb4+ 15. Bd2 c5 16. Bc4 Ke7 17. Nc3 Ne5 18. Ba6 Rad8 19. Ke2 Rd6 20. f4 Rxa6 21. fxe5 Ng4 22. Nb5 Bxd2 23. Kxd2 Nxe5 24. Kc3 Rd8 25. Rhd1 Rxd1 26. Rxd1 Rxa4 27. Nc7 Rxe4 28. Na8 Rc4+ 29. Kb3 Rb4+ 30. Kc3 a5 31. Nc7 a4 32. Re1 Rb3+ 33. Kc2 Nc6 34. Nxe6 Nb4+ 35. Kd2 Rb2+ 36. Kc1 Nd3+ 37. Kd1 Nxe1 0-1


[Site "https://www.chess.com"]

[Event "Titled Tuesday Blitz August 1 Late 2023"]
[White "Bueno, Alfeu Junior Varela"]
[Black "aleksanchess"]
[WhiteFideId "2108879"]
[WhiteElo "2371"]
[BlackElo "2237"]
[Result "1-0"]
[Round "5"]
[TimeControl "180+1"]
[Date "2023.08.01"]
[WhiteClock "0:01:06"]
[BlackClock "0:01:42"]
[Board "142"]

1. e4 e6 2. d4 d5 3. Nd2 Nf6 4. Bd3 c5 5. e5 Nfd7 6. c3 Nc6 7. Ne2 cxd4 8. cxd4 f6 9. exf6 Qxf6 10. O-O Nxd4 11. Nxd4 Qxd4 12. Qh5+ Kd8 13. Qe2 Nf6 14. Nf3 Qg4 15. h3 Qh5 16. Bf4 Bc5 17. Rac1 Bb6 18. Qc2 Nd7 19. Rfe1 Nc5 20. Bg5+ Ke8 21. Bb5+ Kf8 22. b4 Ne4 23. Qxc8+ Rxc8 24. Rxc8+ Kf7 25. Ne5# 1-0


[Site "https://www.chess.com"]

[Event "Titled Tuesday Blitz August 1 Late 2023"]
[White "Balla, Tamas-Kristof"]
[Black "Broca Jimenez, Fernando"]
[WhiteFideId "1208497"]
[BlackFideId "5104742"]
[WhiteElo "2368"]
[BlackElo "2235"]
[Result "1-0"]
[Round "5"]
[TimeControl "180+1"]
[Date "2023.08.01"]
[WhiteClock "0:00:05"]
[BlackClock "0:00:09"]
[Board "143"]

1. e4 c5 2. c3 Nf6 3. e5 Nd5 4. d4 cxd4 5. Nf3 Nc6 6. cxd4 e6 7. a3 Be7 8. Bd3 O-O 9. O-O f5 10. exf6 Nxf6 11. Nc3 d5 12. Re1 Bd7 13. Bg5 Rc8 14. Qe2 h6 15. Bh4 Qe8 16. Rad1 Qh5 17. Bb1 g5 18. Bg3 Rf7 19. Qd3 Rcf8 20. Re2 Ne8 21. Rde1 Nd6 22. Ne5 Nxe5 23. Bxe5 Nf5 24. h3 g4 25. hxg4 Qxg4 26. f3 Qg5 27. Bh2 Nh4 28. f4 Qg4 29. Kh1 Nf5 30. Re3 Bh4 31. R1e2 Bg3 32. Bxg3 Nxg3+ 33. Rxg3 Qxg3 34. Qxg3+ Kh8 35. Qh3 Rf6 36. Re5 Be8 37. g3 Kg7 38. Bd3 Kf7 39. Re3 Ke7 40. Nb5 Kd7 41. Nc3 a6 42. Qg2 Kc6 43. b4 Bf7 44. b5+ Kc7 45. bxa6 bxa6 46. Bxa6 Rb8 47. Bd3 Rb2 48. Nb5+ Rxb5 49. Bxb5 Kd6 50. Qc2 Ke7 51. Qc7+ Kf8 52. Qd8+ Kg7 53. Qxf6+ Kxf6 54. a4 1-0


[Site "https://www.chess.com"]

[Event "Titled Tuesday Blitz August 1 Late 2023"]
[White "UgarteCesar"]
[Black "Kanyamarala, Trisha"]
[BlackFideId "45004722"]
[WhiteElo "2225"]
[BlackElo "2366"]
[Result "0-1"]
[Round "5"]
[TimeControl "180+1"]
[Date "2023.08.01"]
[WhiteClock "0:00:12"]
[BlackClock "0:00:49"]
[Board "144"]

1. d4 Nf6 2. Bg5 Ne4 3. Bf4 d5 4. Nd2 c5 5. e3 Nc6 6. c3 e6 7. Bd3 Nxd2 8. Qxd2 Bd6 9. Bg3 e5 10. dxe5 Bxe5 11. Nf3 Qe7 12. Bb5 Bxg3 13. hxg3 Be6 14. Ne5 Rc8 15. Rd1 a6 16. Nxc6 bxc6 17. Bxa6 Ra8 18. Bd3 Rxa2 19. Qe2 h6 20. O-O O-O 21. Ra1 Rfa8 22. Rxa2 Rxa2 23. Bb1 Ra8 24. Qc2 g6 25. Qb3 Qc7 26. Qd1 Rb8 27. Qd2 Qb6 28. e4 Qxb2 29. Qxh6 d4 30. cxd4 Qxd4 31. Qf4 Rb2 32. Qc1 c4 33. Bc2 c3 34. Rd1 Qb6 35. Rd3 Bb3 36. Rxc3 Bxc2 37. Rxc2 Rb1 38. Rxc6 Rxc1+ 39. Rxc1 Qd4 40. Re1 Kg7 41. Re3 Qd1+ 42. Kh2 Qf1 43. Rf3 Qe2 44. Rf4 g5 45. Rf5 Kg6 46. f3 g4 47. Rf4 gxf3 48. Rxf3 Qxe4 49. Kg1 Qd4+ 50. Kh2 f6 51. Rf4 Qd1 52. Kh3 Qh1+ 53. Kg4 Qh5# 0-1


[Site "https://www.chess.com"]

[Event "Titled Tuesday Blitz August 1 Late 2023"]
[White "rikchessmx"]
[Black "Rodriguez Santiago, Jaime"]
[BlackFideId "3100898"]
[WhiteElo "2221"]
[BlackElo "2362"]
[Result "1-0"]
[Round "5"]
[TimeControl "180+1"]
[Date "2023.08.01"]
[WhiteClock "0:01:15"]
[BlackClock "0:00:05"]
[Board "145"]

1. e4 c6 2. d4 d5 3. Nc3 dxe4 4. Nxe4 Nf6 5. Ng5 c5 6. N1f3 Nc6 7. Bb5 Qa5+ 8. c3 Qxb5 9. d5 Nd8 10. Ne5 h6 11. Ngf3 c4 12. O-O Qxd5 13. Qe2 Be6 14. Rd1 Qe4 15. Qf1 Rc8 16. Be3 b6 17. Rd4 Qb7 18. Rad1 Nc6 19. R4d2 Nxe5 20. Nxe5 Ne4 21. Rd4 Nc5 22. Nxc4 Bxc4 23. Qxc4 e6 24. b4 b5 25. Qe2 Na4 26. Rd7 Nxc3 27. Qh5 g6 28. Qe5 Qxd7 29. Rxd7 Kxd7 30. Qxh8 Bxb4 31. Qd4+ Nd5 32. h4 a5 33. Bxh6 Bd6 34. g3 Rc4 35. Qa7+ Kc6 36. Qa6+ Kc5 37. Qxa5 Ra4 38. Qd8 Rxa2 39. Qe8 Kb6 40. Qxf7 Bc5 41. Qxe6+ Ka5 42. Qxd5 Bxf2+ 43. Kf1 Bb6 44. Qxa2+ 1-0


[Site "https://www.chess.com"]